Map: Kairos Junction LE

Players

Mez

  • Race: Terran Terran
  • League: Master
  • Spawn Location: 11:00

FishStickz - Winner!

  • Race: Protoss Protoss
  • League: Master
  • Spawn Location: 5:00

VOD

Have the link to the VOD?

Description

Time

  • Played on: Aug. 16, 2019, 8:11 p.m.
  • Length: 11:32
Show
View Real Time Build Order
Export as new Build Order

Mez Terran 

Build Orders: Reaper Expand 

Get SALT Encoding   

  12  0:00  SCV  
  13  0:13  SCV  
  14  0:17  Supply Depot  
  14  0:25  SCV  
  15  0:38  SCV  
  15  0:42  Barracks  
  16  0:44  Refinery  
  16  0:51  SCV  
  17  1:04  SCV  
  18  1:16  SCV  
  19  1:30  Reaper, Orbital Command  
  20  1:44  Command Center  
  20  1:55  Bunker  
  20  1:57  SCV  
  21  2:03  Barracks Reactor  
  21  2:09  SCV  
  22  2:18  Supply Depot  
  22  2:22  SCV  
  23  2:40  SCV  
  24  2:44  Command Center  
  24  2:45  Factory  
  24  2:50  Marine x2  
  26  2:58  Orbital Command  
  26  3:05  SCV  
  27  3:09  Marine x2  
  29  3:27  Marine x2  
  27  3:30  SCV  
  27  3:31  SCV  
  31  3:36  Widow Mine, Starport  
  33  3:41  Refinery  
  33  3:42  SCV  
  33  3:44  Marine  
  33  3:45  Marine  
  33  3:48  SCV  
  37  3:54  SCV  
  38  3:59  Widow Mine  
  38  4:01  Orbital Command  
  40  4:08  SCV x2  
  42  4:11  Refinery  
  42  4:15  Supply Depot  
  42  4:17  Starport Tech Lab  
  42  4:20  SCV x2  
  44  4:26  SCV  
  45  4:32  SCV x2  
  45  4:33  Marine x2  
  45  4:34  Factory Tech Lab  
  49  4:38  SCV  
  49  4:40  Supply Depot  
  49  4:43  Raven  
  52  4:46  SCV x2  
  52  4:47  Barracks  
  52  4:50  SCV  
  55  4:53  Marine x2  
  55  4:56  Siege Tank  
  55  4:58  SCV x2  
  62  5:03  SCV  
  62  5:04  Barracks  
  63  5:08  Supply Depot  
  63  5:10  SCV x2  
  63  5:12  Supply Depot  
  65  5:15  SCV  
  65  5:20  Bunker, Marine x2  
  68  5:22  Refinery  
  68  5:24  SCV x2  
  69  5:34  Siege Tank  
  72  5:40  Engineering Bay x2  
  72  5:41  Starport Reactor  
  70  5:45  SCV x2  
  71  5:50  Marine x2  
  71  5:51  Marauder  
  71  5:53  SCV  
  71  5:57  SCV  
  77  5:58  Barracks Tech Lab, Supply Depot  
  77  6:00  SCV  
  78  6:05  SCV  
  78  6:06  Siege Tank  
  78  6:08  Terran Infantry Armor Level 1, Terran Infantry Weapons Level 1  
  78  6:10  Marine x2  
  84  6:18  Supply Depot  
  84  6:21  Supply Depot  
  84  6:30  Orbital Command  
  84  6:36  Marine x2, Marauder x2  
  84  6:37  Medivac  
  84  6:38  Medivac  
  94  6:42  Barracks  
  94  6:43  Barracks  
  94  6:52  Factory Reactor  
  94  6:53  Marine  
  94  6:54  SCV x2  
  96  6:57  Marauder x2  
  100  7:04  SCV  
  100  7:06  SCV x2  
  105  7:13  Marine x2  
  107  7:16  Stimpack, SCV, Combat Shield  
  107  7:18  SCV  
  107  7:19  Marauder  
  107  7:22  Supply Depot  
  111  7:27  Supply Depot x2  
  111  7:28  Supply Depot  
  111  7:29  Marauder  
  113  7:30  Medivac  
  113  7:31  Marine x2, Medivac  
  116  7:39  SCV  
  116  7:42  Barracks Reactor, Barracks Tech Lab  
  116  7:43  Refinery  
  116  7:44  Widow Mine x2, SCV x2, Marauder  
  125  7:49  Marine  
  125  7:50  Marine  
  126  7:52  SCV  
  126  7:56  SCV  
  127  8:01  Armory  
  129  8:05  Widow Mine  
  129  8:10  Bunker, SCV  
  129  8:11  Supply Depot  
  129  8:12  Refinery  
  130  8:15  Supply Depot  
  130  8:17  SCV  
  130  8:18  SCV, Marine x3, Marauder x2  
  130  8:19  Marauder  
  141  8:21  Concussive Shells  
  141  8:24  Supply Depot  
  141  8:25  Supply Depot  
  141  8:30  SCV  
  141  8:32  Marine  
  142  8:36  Marine  
  143  8:43  Supply Depot  
  143  8:44  Marine x2, Marauder x3  
  143  8:45  Supply Depot  
  143  8:46  Widow Mine x2  
  143  8:47  Medivac x2  
  159  8:50  Marine, Starport  
  159  8:51  Terran Infantry Weapons Level 2  
  159  8:54  Terran Infantry Armor Level 2, Marine, Ghost Academy  
  161  9:02  Marine x2  
  163  9:05  Marine x2  
  165  9:10  Marine, Marauder  
  168  9:19  Barracks  
  168  9:21  Command Center, Barracks  
  168  9:22  Barracks  
  168  9:23  Marauder  
  169  9:28  Marine x2, Marauder  
  169  9:29  Medivac x2  
  168  9:32  Marauder  
  170  9:38  Starport Tech Lab  
  170  9:42  Fusion Core  
  169  9:55  Marine x3  
  169  9:56  Ghost x3  
  169  9:57  Marine  
  179  10:11  Liberator x3  
  179  10:13  Marine x2  
  147  10:26  Marine  
  147  10:27  Marine x4, Marauder x3  
  147  10:31  Marine  
  125  10:36  Marine  
  114  10:44  Marine x3  
  114  10:48  Marauder x3  
  104  10:56  Marine x2  
  77  11:06  Marine  
  77  11:09  Marauder  
  77  11:10  Marauder  
  77  11:11  Marine  
  79  11:12  SCV  
  79  11:18  SCV x2  
Show
View Real Time Build Order
Export as new Build Order

FishStickz Protoss - Winner!

Build Orders: 1 Gate Expand, Blink Stalkers 

Get SALT Encoding   

  12  0:00  Probe  
  13  0:12  Probe  
  14  0:19  Pylon  
  14  0:25  Probe  
  15  0:33  Probe  
  15  0:38  Gateway  
  15  0:41  Probe  
  16  0:47  Assimilator  
  17  0:52  Probe  
  18  1:04  Probe  
  19  1:16  Probe  
  20  1:28  Cybernetics Core  
  20  1:38  Nexus  
  20  1:42  Pylon  
  20  1:51  Assimilator  
  20  1:54  Adept, Probe  
  21  2:06  Probe  
  24  2:13  Warp Gate  
  24  2:14  Stalker  
  24  2:18  Probe  
  27  2:30  Probe  
  27  2:43  Probe  
  28  2:47  Probe  
  28  2:49  Twilight Council  
  29  2:55  Probe x2  
  30  3:05  Probe  
  31  3:07  Probe  
  31  3:11  Pylon  
  33  3:16  Blink  
  33  3:17  Probe  
  33  3:19  Probe  
  33  3:29  Probe  
  33  3:31  Probe  
  33  3:37  Gateway  
  33  3:38  Gateway  
  33  3:41  Probe  
  33  3:43  Probe  
  35  3:54  Gateway x2  
  35  3:56  Probe x2  
  35  4:01  Stalker  
  37  4:08  Probe x2  
  39  4:17  Robotics Facility  
  39  4:20  Probe x2  
  41  4:25  Stalker  
  43  4:32  Pylon  
  43  4:36  Stalker x2  
  47  4:44  Pylon  
  47  4:46  Shield Battery  
  47  4:50  Forge  
  47  4:54  Shield Battery  
  47  4:58  Stalker x2  
  47  4:59  Stalker  
  55  5:08  Stalker  
  55  5:10  Stalker  
  55  5:13  Observer  
  58  5:21  Charge  
  58  5:23  Assimilator  
  58  5:24  Stalker  
  58  5:25  Stalker  
  62  5:33  Probe x2  
  62  5:34  Protoss Ground Armor Level 1  
  62  5:56  Probe x2, Pylon  
  64  5:59  Nexus  
  64  6:02  Pylon  
  64  6:07  Forge  
  64  6:10  Stalker x2  
  68  6:11  Stalker  
  68  6:14  Probe x2  
  72  6:23  Protoss Ground Weapons Level 1  
  71  6:31  Probe x2  
  73  6:38  Gateway x2  
  73  6:40  Gateway  
  73  6:41  Gateway  
  73  6:54  Pylon  
  73  6:58  Zealot  
  73  6:59  Zealot x2  
  73  7:00  Zealot  
  77  7:13  Zealot  
  79  7:15  Probe  
  79  7:16  Probe x2  
  82  7:25  Photon Cannon  
  82  7:27  Shield Battery  
  82  7:29  Zealot x2, Protoss Ground Armor Level 2  
  86  7:30  Zealot x2  
  90  7:39  Probe x2  
  90  7:40  Probe  
  90  7:42  Pylon  
  90  7:43  Pylon  
  93  7:50  Zealot x5  
  103  7:52  Zealot  
  99  8:03  Warp Prism  
  101  8:12  Templar Archives  
  101  8:27  Zealot x2  
  101  8:28  Zealot x5  
  101  8:32  Stalker  
  101  8:33  Stalker  
  120  8:41  Observer, Protoss Ground Weapons Level 2  
  120  8:50  Stalker x2, Pylon  
  124  8:59  Pylon  
  124  9:00  Pylon  
  124  9:01  Pylon  
  124  9:13  Zealot x2  
  124  9:14  Zealot  
  124  9:15  Stalker  
  132  9:19  Stalker  
  130  9:31  Observer  
  130  9:38  Zealot x4  
  132  9:39  Zealot  
  132  9:44  Zealot x3  
  132  9:45  Zealot  
  148  10:01  Zealot x4  
  118  10:33  Zealot x6  
  118  10:34  Zealot x3  
  80  10:56  Zealot x4  
  80  10:57  Zealot x5  
  92  11:09  Nexus  
  92  11:10  Pylon  
  92  11:14  Pylon  
  92  11:15  Pylon  
  92  11:17  Stalker x3  
  92  11:18  Zealot x3  
  88  11:26  Zealot x3  
Tags
 
Add a new tag
Caveats
  • Supply blocks, unpowered buildings, or Contaminate may cause inaccurate times.
  • Supply counts are checked every 10 seconds.